 Dungeon Crawl Stone Soup version 0.17.1-3-g152610e (webtiles) character file.

172 Gargoyl the Skirmisher (level 5, -1/42 HPs)
             Began as a Demonspawn Abyssal Knight on Mar 31, 2016.
             Was a Believer of Lugonu.
             Slain by a worm (9 damage)
             ... on level 2 of the Dungeon.
             The game lasted 00:05:37 (1621 turns).

Gargoyl the Skirmisher (Demonspawn Abyssal Knight)  Turns: 1621, Time: 00:05:37

Health: -1/42      AC:  6    Str: 16    XL:     5   Next: 27%
Magic:  7/7        EV: 11    Int: 13    God:    Lugonu [**....]
Gold:   79         SH:  0    Dex: 13    Spells: 0 memorised, 4 levels left

rFire  . . .     SeeInvis .     a - +1 hand axe
rCold  . . .     Clarity  .     f - +0 ring mail
rNeg   . . .     SustAt   .     (no shield)
rPois  .         Gourm    .     (helmet restricted)
rElec  .         Spirit   .     g - +0 cloak
rCorr  .         Warding  .     (no gloves)
rMut   .         Stasis   .     (no boots)
MR     .....                    (no amulet)
Stlth  +.........               (no ring)
                                d - +3 ring of strength

@: not resistant to hostile enchantments, very unstealthy
A: horns 1, demonic guardian 2
a: Depart the Abyss, Bend Space, Renounce Religion


You were on level 2 of the Dungeon.
You worshipped Lugonu.
Lugonu was pleased with you.
You were hungry.

You visited 1 branch of the dungeon, and saw 2 of its levels.
You visited the Abyss 1 time.

You collected 79 gold pieces.

Inventory:

Hand Weapons
 a - a +1 hand axe (weapon)
 b - a +2 scythe of venom
Armour
 f - a +0 ring mail (worn)
 g - a +0 cloak (worn)
Jewellery
 d - a +3 ring of strength (left hand)
Scrolls
 e - a scroll of noise {unknown}
 i - a scroll of teleportation {unknown}
 l - a scroll of fear {unknown}
Potions
 j - a potion of curing {unknown}
 k - a potion of haste {unknown}
Comestibles
 c - a bread ration


   Skills:
 + Level 3.7 Fighting
 + Level 2.5 Axes
 * Level 3.2 Armour
 + Level 2.0 Dodging
 + Level 3.3 Invocations


You had 4 spell levels left.
You didn't know any spells.

Dungeon Overview and Level Annotations

Branches:
Dungeon (2/15)

Altars:


Innate Abilities, Weirdness & Mutations

You have a pair of small horns on your head.
A demonic guardian rushes to your aid.


Message History

You start resting.
You barely miss the worm. The worm bites you but does no damage.
You slash the worm!
The worm is heavily wounded.
The worm bites you but does no damage.
You hit the worm.
The worm is heavily wounded.
You hit the worm.
You headbutt the worm, but do no damage.
The worm is severely wounded.
The worm bites you!
* * * LOW HITPOINT WARNING * * *
You barely miss the worm. You headbutt the worm.
The worm is severely wounded.
The worm bites you.
* * * LOW HITPOINT WARNING * * *
You hit the worm.
The worm is almost dead.
The worm bites you!
You die...

.........#.........>.###........#
.....................###........#
......................#...)......
.....#†.###........#..<....).....
.....†...########................
.....##...#####........#.#.......
....# #.#.#.....##...............
..?# #.#..[#######..##..........
### #>#......w@##.....##.......
#...######...#.....#.......
#............<.............
##.#############........... #.#
#....†..[... #. #........... #.
########..........# #.
...................
###########........


You could see a worm.

Vanquished Creatures
  3 adders (D:2)
  A worm (D:2)
  2 giant geckos (D:1)
  7 bats
  5 goblins
  3 hobgoblins (D:1)
  6 jackals
  7 kobolds
  A quokka (D:2)
  3 giant newts
  4 rats (D:1)
  3 toadstools (D:1)
45 creatures vanquished.

Vanquished Creatures (collateral kills)
  Sigmund (D:2)
1 creature vanquished.

Vanquished Creatures (others)
  A toadstool (D:1)
1 creature vanquished.

Grand Total: 47 creatures vanquished

Notes
Turn   | Place    | Note
--------------------------------------------------------------
     0 | Abyss:1  | Gargoyl the Demonspawn Abyssal Knight began the quest for the Orb.
     0 | Abyss:1  | Reached XP level 1. HP: 18/18 MP: 2/2
    65 | Abyss:1  | Noticed an iron imp
   124 | Abyss:1  | Noticed a wretched star
   125 | Abyss:1  | Noticed a quasit
   127 | Abyss:2  | Found a corrupted altar of Lugonu.
   150 | Abyss:2  | Noticed a large abomination
   173 | Abyss:2  | Noticed a phantasmal warrior
   177 | D:1      | Escaped the Abyss
   422 | D:1      | Gained mutation: You have a pair of small horns on your head. [demonic ancestry]
   422 | D:1      | Reached XP level 2. HP: 20/24 MP: 4/4
   572 | D:1      | Reached * piety under Lugonu
   572 | D:1      | Reached skill level 1 in Dodging
   966 | D:2      | Gained mutation: A weak demonic guardian rushes to your aid. [demonic ancestry]
   966 | D:2      | Reached XP level 3. HP: 29/29 MP: 5/5
  1217 | D:2      | Noticed Sigmund
  1244 | D:2      | Killed Sigmund
  1244 | D:2      | Gained mutation: A demonic guardian rushes to your aid. [demonic ancestry]
  1244 | D:2      | Reached XP level 4. HP: 22/37 MP: 6/6
  1244 | D:2      | Reached XP level 5. HP: 24/42 MP: 7/7
  1564 | D:2      | Reached ** piety under Lugonu
  1621 | D:2      | Slain by a worm

Action                   |  1- 3 |  4- 6 || total
-------------------------+-------+-------++-------
Melee: Hand axe          |    95 |    34 ||   129
Invok: Depart the Abyss  |     1 |       ||     1
  Use: Potion            |     3 |       ||     3
  Eat: Chunk             |     1 |     1 ||     2
